Rangers vs Blues

Created - February 2, 2025 at 21:16

Goals
1 2 3 T
Rangers 1 0 0 1
Blues 1 3 1 5
Shots
1 2 3 T
Rangers 17 4 6 27
Blues 16 9 8 33

1st period

1. Blues , Dominik Simon 5 (Josh Morrissey 10, Cody Ceci 6) at 14:00
2. Rangers , Ryan Strome 12 (Ondrej Palat 17, Tomas Hertl 16) at 16:06 (PP)

Penalties :
Henrik Samuelsson (NyR) for Interference (Minor) at 7:43, Seth Jones (Stl) for Holding (Minor) at 14:21

2nd period

3. Blues , Nathan MacKinnon 27 (Travis Sanheim 10, Seth Jones 24) at 11:11
4. Blues , Jujhar Khaira 12 (Cody Ceci 7) at 13:14 (SH)
5. Blues , Nikolaj Ehlers 11 (Seth Jones 25, Nathan MacKinnon 34) at 19:35

Penalties :
Drew Shore (Stl) for Slashing (Double Minor) at 2:15, Travis Sanheim (Stl) for Slashing (Minor) at 12:58, Ethan Bear (Stl) for High sticking (Minor) at 17:03

3rd period

6. Blues , Nathan MacKinnon 28 (Jordan Kyrou 8, Filip Forsberg 32) at 15:35 (PP)

Penalties :
Milan Lucic (NyR) for Elbowing (Minor) at 2:13, Ethan Bear (Stl) for Holding Stick (Minor) at 9:26, Travis Sanheim (Stl) for Slashing (Minor) at 12:33, Samuel Blais (NyR) for Tripping (Minor) at 15:17, Sean Monahan (Stl) for Delaying the game (Minor) at 18:01

Goalie Stats

Samuel Montembeault (NyR), 28 saves from 33 shots - (0.848), L, 13-11-5, 60:00 minutes
Carey Price (Stl), 26 saves from 27 shots - (0.963), W, 19-10-1, 60:00 minutes

Players Stats for Rangers

Player Name              G  A  P  +/- PIM S  H  SB GA TA FO     MP     PP MP  PK MP  
------------------------------------------------------------------------------------
Cale Makar               0  0  0  -2  0   5  1  1  1  0  0/0    29:11   8:54   2:55 
Casey Mittelstadt        0  0  0  -1  0   0  0  0  0  0  2/3     8:29   0:17   0:48 
Connor Chatam            0  0  0   0  0   0  3  0  0  0  0/0    10:28   0:44   1:12 
David Pope               0  0  0   0  0   2  0  0  0  0  0/0    10:39   0:50   1:17 
Devante Smith-Pelly      0  0  0  -2  0   2  0  0  1  0  3/4    21:28   8:02   0:32 
Dmitry Kulikov           0  0  0  -1  0   0  1  1  0  0  0/0    20:21   6:16   1:21 
Henrik Samuelsson        0  0  0   0  2   1  1  0  0  1  2/3    10:01   0:47   0:19 
Jake McCabe              0  0  0  -2  0   2  1  2  1  0  0/0    29:34   8:51   2:55 
Mikhail Sergachev        0  0  0  -1  0   0  1  0  1  1  0/0    20:21   6:16   1:21 
Milan Lucic              0  0  0  -2  2   5  2  0  0  0  0/2    22:39   8:02   1:25 
Oliver Bjorkstrand       0  0  0  -1  0   0  1  2  0  0  0/0     7:14   0:00   0:00 
Ondrej Palat             0  1  1  -1  0   1  3  0  0  0  0/2    18:13   6:43   0:21 
Patrik Nemeth            0  0  0  -1  0   0  0  2  0  0  0/0    10:25   0:59   0:00 
Ryan Strome              1  0  1  -1  0   3  1  0  0  1  0/1    17:48   6:43   0:00 
Samuel Blais             0  0  0  -1  2   1  1  0  0  0  0/1     7:23   0:04   0:00 
Sean Couturier           0  0  0  -2  0   3  0  1  0  0  17/36  22:57   7:59   2:06 
Steven Santini           0  0  0  -1  0   1  1  0  0  0  0/0    10:08   0:00   0:00 
Tomas Hertl              0  1  1  -1  0   1  1  0  3  0  5/10   18:22   6:43   0:32 

Players Stats for Blues

Player Name              G  A  P  +/- PIM S  H  SB GA TA FO     MP     PP MP  PK MP  
------------------------------------------------------------------------------------
Cody Ceci                0  2  2   2  0   0  0  5  0  0  0/0    24:06   0:00   8:50 
David Perron             0  0  0   0  0   1  1  0  0  0  1/1    12:09   1:49   2:08 
Dominik Simon            1  0  1   1  0   3  0  0  1  0  0/0     8:15   0:00   0:25 
Drew Shore               0  0  0   2  4   2  0  1  0  0  8/14   14:36   0:00   6:47 
Ethan Bear               0  0  0   0  4   0  1  1  0  0  0/0    11:33   3:01   0:34 
Filip Forsberg           0  1  1   2  0   3  4  0  0  1  4/7    19:39   2:27   2:55 
Jordan Kyrou             0  1  1   0  0   1  1  0  1  0  0/0     9:59   2:27   0:00 
Josh Morrissey           0  1  1   1  0   0  1  1  0  1  0/0    20:36   1:15   6:14 
Jujhar Khaira            1  0  1   1  0   2  2  0  0  1  0/1    18:19   0:00   8:22 
Ladislav Smid            0  0  0   1  0   0  1  4  0  1  0/0    19:34   0:00   8:35 
Luke Glendening          0  0  0   1  0   1  4  0  0  0  0/1    13:04   0:00   4:43 
Nathan MacKinnon         2  1  3   2  0   5  1  0  1  0  14/25  17:27   2:27   1:24 
Nick Schmaltz            0  0  0   0  0   3  0  1  0  1  1/2     9:57   0:00   0:00 
Nikolaj Ehlers           1  0  1   2  0   4  0  0  0  0  1/2    15:24   1:49   0:00 
Sean Monahan             0  0  0   0  2   1  1  0  0  0  2/6    16:48   1:49   4:32 
Seth Jones               0  2  2   2  2   5  2  1  0  1  0/0    26:07   3:01   5:43 
Travis Sanheim           0  1  1   2  4   1  0  1  0  1  0/0    19:11   1:15   1:20 
Vincent Trocheck         0  0  0   0  0   1  0  0  0  0  2/3     7:31   0:00   0:00 

3 Stars

1 - Nathan MacKinnon (Stl)
2 - Cody Ceci (Stl)
3 - Carey Price (Stl)

Power Play

Rangers - 1 on 8 Attempt(s) - 12.50%
Blues - 1 on 3 Attempt(s) - 33.33%

Penalty Kill

Rangers - 2 on 3 Attempt(s) - 66.67% - Score 0 goal in Penalty Kill
Blues - 7 on 8 Attempt(s) - 87.50% - Score 1 goal in Penalty Kill

Team Stat

Rangers - Hits : 18 - Faceoff Wins : 29 - Blocked Shots : 9 - Penalty Minutes : 6
Blues - Hits : 19 - Faceoff Wins : 33 - Blocked Shots : 15 - Penalty Minutes : 16

Official

Referees : Peter MacDougall and Furman South
Linesman : Derek Nansen and Jesse Marquis

Game Notes

No Game Note

Finance

Level 1 -- Attendance: 5975 (99.58%) -- Ticket Income $597,500
Level 2 -- Attendance: 4555 (91.10%) -- Ticket Income $318,850
Level 3 -- Attendance: 1839 (91.95%) -- Ticket Income $73,560
Level 4 -- Attendance: 3771 (94.28%) -- Ticket Income $113,130
Luxury Box -- Attendance: 1000 (100.00%) -- Ticket Income $200,000
Game was played at the Enterprise Center.
Total Attendance: 17140 (95.22%)
Total Ticket Income: $1,303,040
Other Income: $195,456
Total Income: $1,498,496

Rangers

5 vs 5 Forward 
   Center                   Left Wing                Right Wing               Time % Phy DF OF 
 1 Sean Couturier           Milan Lucic              Devante Smith-Pelly      40     1   2  2  
 2 Tomas Hertl              Ondrej Palat             Ryan Strome              30     1   2  2  
 3 Henrik Samuelsson        David Pope               Connor Chatam            20     1   2  2  
 4 Casey Mittelstadt        Samuel Blais             Oliver Bjorkstrand       10     1   2  2  

5 vs 5 Defense 
   Defense                  Defense                                           Time % Phy DF OF 
 1 Jake McCabe              Cale Makar                                        40     1   2  2  
 2 Dmitry Kulikov           Mikhail Sergachev                                 30     1   2  2  
 3 Patrik Nemeth            Steven Santini                                    20     1   2  2  
 4 Jake McCabe              Cale Makar                                        10     1   2  2  

PowerPlay Forward 
   Center                   Left Wing                Right Wing               Time % Phy DF OF 
 1 Sean Couturier           Milan Lucic              Devante Smith-Pelly      60     1   2  2  
 2 Tomas Hertl              Ondrej Palat             Ryan Strome              40     1   2  2  

PowerPlay Defense
   Defense                  Defense                                           Time % Phy DF OF 
 1 Jake McCabe              Cale Makar                                        60     1   2  2  
 2 Dmitry Kulikov           Mikhail Sergachev                                 40     1   2  2  

Penalty Kill 4 Players Forward 
   Center                   Wing                     Time % Phy DF OF 
 1 Sean Couturier           Milan Lucic              60     1   2  2  
 2 Tomas Hertl              Devante Smith-Pelly      40     1   2  2  

Penalty Kill 4 Players Defense
   Defense                  Defense                  Time % Phy DF OF 
 1 Jake McCabe              Cale Makar               60     1   2  2  
 2 Dmitry Kulikov           Mikhail Sergachev        40     1   2  2  

Penalty Kill - 3 Players Forward 
   Forward                                           Time % Phy DF OF 
 1 Sean Couturier                                    60     1   2  2  
 2 Milan Lucic                                       40     1   2  2  

Penalty Kill - 3 Players Defense
   Defense                  Defense                  Time % Phy DF OF 
 1 Jake McCabe              Cale Makar               60     1   2  2  
 2 Dmitry Kulikov           Mikhail Sergachev        40     1   2  2  

4 vs 4 Forward 
   Center                   Wing                     Time % Phy DF OF 
 1 Sean Couturier           Milan Lucic              60     1   2  2  
 2 Tomas Hertl              Devante Smith-Pelly      40     1   2  2  

4 vs 4 Defense
   Defense                  Defense                  Time % Phy DF OF 
 1 Jake McCabe              Cale Makar               60     1   2  2  
 2 Dmitry Kulikov           Mikhail Sergachev        40     1   2  2  

Last Minutes Offensive
   Center                   Left Wing                Right Wing               Defense                  Defense                  
   Sean Couturier           Milan Lucic              Devante Smith-Pelly      Jake McCabe              Cale Makar               

Last Minutes Defensive
   Center                   Left Wing                Right Wing               Defense                  Defense                  
   Sean Couturier           Milan Lucic              Devante Smith-Pelly      Jake McCabe              Cale Makar               

Goaltenders
Starting : Samuel Montembeault      
Backup : Eric Comrie              

Extra Forwards
Normal : Henrik Samuelsson, David Pope, Milan Lucic - PP : Henrik Samuelsson, David Pope - PK : Connor Chatam
Extra Defensemen
Normal : Mikhail Sergachev, Steven Santini, Dmitry Kulikov - PP : Mikhail Sergachev - PK : Steven Santini, Dmitry Kulikov
Penalty Shots
Sean Couturier, Milan Lucic, Tomas Hertl, Devante Smith-Pelly, Ryan Strome
Custom OT Lines Forwards
Sean Couturier, Milan Lucic, Tomas Hertl, Devante Smith-Pelly, Ryan Strome, Ondrej Palat, Henrik Samuelsson, David Pope, Connor Chatam, Samuel Blais
Custom OT Lines Defensemen
Jake McCabe, Cale Makar, Dmitry Kulikov, Mikhail Sergachev, Steven Santini

Scratches
Seth Griffith (Healthy), Stefan Noesen (Healthy), Vince Dunn (Healthy)

Blues

5 vs 5 Forward 
   Center                   Left Wing                Right Wing               Time % Phy DF OF 
 1 Nathan MacKinnon         Filip Forsberg           Nikolaj Ehlers           40     0   2  3  
 2 Sean Monahan             Jujhar Khaira            Nick Schmaltz            30     0   2  3  
 3 Vincent Trocheck         David Perron             Jordan Kyrou             20     1   2  2  
 4 Drew Shore               Dominik Simon            Luke Glendening          10     0   3  2  

5 vs 5 Defense 
   Defense                  Defense                                           Time % Phy DF OF 
 1 Seth Jones               Travis Sanheim                                    40     1   2  2  
 2 Josh Morrissey           Cody Ceci                                         30     1   2  2  
 3 Ethan Bear               Ladislav Smid                                     20     1   2  2  
 4 Ladislav Smid            Cody Ceci                                         10     1   2  2  

PowerPlay Forward 
   Center                   Left Wing                Right Wing               Time % Phy DF OF 
 1 Nathan MacKinnon         Filip Forsberg           Jordan Kyrou             60     0   2  3  
 2 Sean Monahan             David Perron             Nikolaj Ehlers           40     0   2  3  

PowerPlay Defense
   Defense                  Defense                                           Time % Phy DF OF 
 1 Seth Jones               Ethan Bear                                        60     0   2  3  
 2 Josh Morrissey           Travis Sanheim                                    40     0   2  3  

Penalty Kill 4 Players Forward 
   Center                   Wing                     Time % Phy DF OF 
 1 Drew Shore               Jujhar Khaira            60     1   3  1  
 2 Sean Monahan             Luke Glendening          40     1   3  1  

Penalty Kill 4 Players Defense
   Defense                  Defense                  Time % Phy DF OF 
 1 Ladislav Smid            Cody Ceci                60     1   2  2  
 2 Josh Morrissey           Seth Jones               40     1   2  2  

Penalty Kill - 3 Players Forward 
   Forward                                           Time % Phy DF OF 
 1 Drew Shore                                        60     1   2  2  
 2 Sean Monahan                                      40     1   2  2  

Penalty Kill - 3 Players Defense
   Defense                  Defense                  Time % Phy DF OF 
 1 Cody Ceci                Ladislav Smid            60     1   2  2  
 2 Seth Jones               Josh Morrissey           40     1   2  2  

4 vs 4 Forward 
   Center                   Wing                     Time % Phy DF OF 
 1 Nathan MacKinnon         Filip Forsberg           60     1   2  2  
 2 Sean Monahan             Nikolaj Ehlers           40     1   2  2  

4 vs 4 Defense
   Defense                  Defense                  Time % Phy DF OF 
 1 Seth Jones               Ladislav Smid            60     1   2  2  
 2 Cody Ceci                Josh Morrissey           40     1   2  2  

Last Minutes Offensive
   Center                   Left Wing                Right Wing               Defense                  Defense                  
   Nathan MacKinnon         Filip Forsberg           Nikolaj Ehlers           Seth Jones               Travis Sanheim           

Last Minutes Defensive
   Center                   Left Wing                Right Wing               Defense                  Defense                  
   Drew Shore               Jujhar Khaira            Luke Glendening          Ladislav Smid            Cody Ceci                

Goaltenders
Starting : Carey Price              
Backup : Jake Oettinger           

Extra Forwards
Normal : Jordan Kyrou, Nikolaj Ehlers, Drew Shore - PP : David Perron, Nick Schmaltz - PK : Filip Forsberg
Extra Defensemen
Normal : Cody Ceci, Travis Sanheim, Seth Jones - PP : Cody Ceci - PK : Seth Jones, Travis Sanheim
Penalty Shots
Jordan Kyrou, David Perron, Sean Monahan, Filip Forsberg, Vincent Trocheck
Custom OT Lines Forwards
Filip Forsberg, Nathan MacKinnon, Nick Schmaltz, Nikolaj Ehlers, David Perron, Sean Monahan, Vincent Trocheck, Jujhar Khaira, Drew Shore, Luke Glendening
Custom OT Lines Defensemen
Seth Jones, Josh Morrissey, Travis Sanheim, Cody Ceci, Ladislav Smid

Scratches
Petter Granberg (Healthy), Teuvo Teravainen (Right Leg Injury)

% Time on Ice - Rangers

Lines # - Real PCT - Wanted PCT - Time Play
Normal Forward
1 - 34% - 40% - 13:36
2 - 28% - 30% - 11:07
3 - 20% - 20% - 8:09
4 - 18% - 10% - 7:14
Normal Defense
1 - 40% - 40% - 15:52
2 - 32% - 30% - 12:44
3 - 24% - 20% - 9:45
4 - 4% - 10% - 1:45
PP Forward
1 - 57% - 60% - 8:55
2 - 43% - 40% - 6:43
PP Defense
1 - 60% - 60% - 9:22
2 - 40% - 40% - 6:16
PK Forward
1 - 88% - 60% - 3:44
2 - 13% - 40% - 0:32
PK Defense
1 - 68% - 60% - 2:55
2 - 32% - 40% - 1:21
PK3 Forward
1 - 0% - 60%
2 - 0% - 40%
PK3 Defense
1 - 0% - 60%
2 - 0% - 40%
44 Forward
1 - 0% - 60%
2 - 0% - 40%
44 Defense
1 - 0% - 60%
2 - 0% - 40%
Last Minute Offensive  - 0:00
Last Minute Defensive  - 0:00
Total
Forward - 60:00
Defense - 60:00

% Time on Ice - Blues

Lines # - Real PCT - Wanted PCT - Time Play
Normal Forward
1 - 36% - 40% - 14:17
2 - 26% - 30% - 10:28
3 - 19% - 20% - 7:31
4 - 20% - 10% - 7:50
Normal Defense
1 - 42% - 40% - 16:49
2 - 33% - 30% - 13:07
3 - 19% - 20% - 7:26
4 - 7% - 10% - 2:44
PP Forward
1 - 57% - 60% - 2:27
2 - 43% - 40% - 1:49
PP Defense
1 - 71% - 60% - 3:01
2 - 29% - 40% - 1:15
PK Forward
1 - 70% - 60% - 10:55
2 - 30% - 40% - 4:43
PK Defense
1 - 60% - 60% - 9:24
2 - 40% - 40% - 6:14
PK3 Forward
1 - 0% - 60%
2 - 0% - 40%
PK3 Defense
1 - 0% - 60%
2 - 0% - 40%
44 Forward
1 - 0% - 60%
2 - 0% - 40%
44 Defense
1 - 0% - 60%
2 - 0% - 40%
Last Minute Offensive  - 0:00
Last Minute Defensive  - 0:00
Total
Forward - 60:00
Defense - 60:00

Play-by-Play

1st period


0:01 of 1st period - Nathan MacKinnon wins face-off versus Sean Couturier in neutral zone.
0:11 of 1st period - Milan Lucic is hit by Nathan MacKinnon and loses puck.
0:32 of 1st period - Slapshot by Seth Jones.
0:32 of 1st period - Stopped by Samuel Montembeault with a rebound.
0:34 of 1st period - Slapshot by Seth Jones.
0:34 of 1st period - Shot Misses the Net.
0:36 of 1st period - Slapshot by Seth Jones.
0:36 of 1st period - Stopped by Samuel Montembeault with a rebound.
0:38 of 1st period - Wrist shot by Jujhar Khaira.
0:38 of 1st period - Stopped by Samuel Montembeault with a rebound.
0:40 of 1st period - Wrist shot by Seth Jones.
0:40 of 1st period - Stopped by Samuel Montembeault with a rebound.
0:56 of 1st period - Snap shot by Henrik Samuelsson.
0:56 of 1st period - Shot Misses the Net.
1:32 of 1st period - Slapshot by Nathan MacKinnon.
1:32 of 1st period - Shot Blocked by Oliver Bjorkstrand.
1:34 of 1st period - Slapshot by Josh Morrissey.
1:34 of 1st period - Deflect By Nathan MacKinnon.
1:34 of 1st period - Shot Misses the Net.
1:34 of 1st period - Puck is out of play.
1:35 of 1st period - Nathan MacKinnon wins face-off versus Samuel Blais in Rangers zone.
1:51 of 1st period - Nikolaj Ehlers is hit by Oliver Bjorkstrand and loses puck.
2:43 of 1st period - Snap shot by Ethan Bear.
2:43 of 1st period - Shot Misses the Net.
3:09 of 1st period - Slapshot by Nikolaj Ehlers.
3:09 of 1st period - Shot Misses the Net.
3:11 of 1st period - Slapshot by Ladislav Smid.
3:11 of 1st period - Shot Blocked by Dmitry Kulikov.
3:13 of 1st period - Wrist shot by Nathan MacKinnon.
3:13 of 1st period - Stopped by Samuel Montembeault with a rebound.
3:22 of 1st period - Wrist shot by Filip Forsberg.
3:22 of 1st period - Deflect By Nathan MacKinnon.
3:22 of 1st period - Shot Blocked by Oliver Bjorkstrand.
3:22 of 1st period - Puck is out of play.
3:23 of 1st period - Sean Couturier wins face-off versus Sean Monahan in Rangers zone.
3:28 of 1st period - Slapshot by Devante Smith-Pelly.
3:28 of 1st period - Stopped by Carey Price without a rebound.
3:29 of 1st period - Sean Couturier wins face-off versus Sean Monahan in Blues zone.
3:55 of 1st period - Wrist shot by Devante Smith-Pelly.
3:55 of 1st period - Shot Misses the Net.
5:01 of 1st period - Slapshot by Sean Couturier.
5:01 of 1st period - Stopped by Carey Price with a rebound.
5:03 of 1st period - Snap shot by Devante Smith-Pelly.
5:03 of 1st period - Shot Misses the Net.
5:05 of 1st period - Snap shot by Sean Couturier.
5:05 of 1st period - Shot Blocked by Nick Schmaltz.
5:07 of 1st period - Slapshot by Cale Makar.
5:07 of 1st period - Stopped by Carey Price without a rebound.
5:08 of 1st period - Tomas Hertl wins face-off versus Luke Glendening in Blues zone.
5:19 of 1st period - Snap shot by Josh Morrissey.
5:19 of 1st period - Deflect By Dominik Simon.
5:19 of 1st period - Shot Misses the Net.
5:19 of 1st period - Puck is out of play.
5:20 of 1st period - Tomas Hertl wins face-off versus Drew Shore in Rangers zone.
5:33 of 1st period - Snap shot by Ondrej Palat.
5:33 of 1st period - Deflect By Ryan Strome.
5:33 of 1st period - Deflect By Drew Shore.
5:33 of 1st period - Stopped by Carey Price without a rebound.
5:34 of 1st period - Vincent Trocheck wins face-off versus Tomas Hertl in Blues zone.
5:51 of 1st period - Wrist shot by Jordan Kyrou.
5:51 of 1st period - Deflect By Vincent Trocheck.
5:51 of 1st period - Stopped by Samuel Montembeault without a rebound.
5:52 of 1st period - Drew Shore wins face-off versus Henrik Samuelsson in Rangers zone.
5:57 of 1st period - Wrist shot by Drew Shore.
5:57 of 1st period - Stopped by Samuel Montembeault with a rebound.
6:19 of 1st period - Ondrej Palat is hit by Filip Forsberg and loses puck.
6:24 of 1st period - Snap shot by Filip Forsberg.
6:24 of 1st period - Stopped by Samuel Montembeault without a rebound.
6:25 of 1st period - Nathan MacKinnon wins face-off versus Ondrej Palat in Rangers zone.
6:54 of 1st period - Wrist shot by Filip Forsberg.
6:54 of 1st period - Shot Blocked by Jake McCabe.
7:00 of 1st period - Snap shot by Filip Forsberg.
7:00 of 1st period - Stopped by Samuel Montembeault with a rebound.
7:02 of 1st period - Slapshot by Travis Sanheim.
7:02 of 1st period - Stopped by Samuel Montembeault without a rebound.
7:03 of 1st period - Vincent Trocheck wins face-off versus Ryan Strome in Rangers zone.
7:12 of 1st period - Wrist shot by Jordan Kyrou.
7:12 of 1st period - Shot Misses the Net.
7:30 of 1st period - Dmitry Kulikov is hit by Ladislav Smid.
7:40 of 1st period - Slapshot by Nick Schmaltz.
7:40 of 1st period - Stopped by Samuel Montembeault without a rebound.
7:41 of 1st period - Henrik Samuelsson wins face-off versus Vincent Trocheck in Rangers zone.
7:43 of 1st period - Minor Penalty to Henrik Samuelsson for Interference.
7:44 of 1st period - Nathan MacKinnon wins face-off versus Sean Couturier in Rangers zone.
7:50 of 1st period - Wrist shot by Nathan MacKinnon.
7:50 of 1st period - Stopped by Samuel Montembeault without a rebound.
7:51 of 1st period - Sean Couturier wins face-off versus Nathan MacKinnon in Rangers zone.
8:08 of 1st period - Slapshot by Seth Jones.
8:08 of 1st period - Stopped by Samuel Montembeault with a rebound.
8:10 of 1st period - Slapshot by Ethan Bear.
8:10 of 1st period - Deflect By Filip Forsberg.
8:10 of 1st period - Stopped by Samuel Montembeault without a rebound.
8:11 of 1st period - Sean Couturier wins face-off versus Sean Monahan in Rangers zone.
8:44 of 1st period - Cale Makar is hit by Filip Forsberg and loses puck.
9:23 of 1st period - Slapshot by Mikhail Sergachev.
9:23 of 1st period - Shot Blocked by Travis Sanheim.
9:43 of 1st period - Penalty to Henrik Samuelsson is over, Henrik Samuelsson is back on ice.
9:50 of 1st period - Cale Makar is hit by Seth Jones and loses puck.
10:13 of 1st period - Snap shot by Ryan Strome.
10:13 of 1st period - Shot Hit the Post.
11:03 of 1st period - Slapshot by Milan Lucic.
11:03 of 1st period - Stopped by Carey Price without a rebound.
11:04 of 1st period - Devante Smith-Pelly wins face-off versus Nathan MacKinnon in Blues zone.
11:13 of 1st period - Snap shot by Sean Couturier.
11:13 of 1st period - Stopped by Carey Price with a rebound.
11:29 of 1st period - Dmitry Kulikov is hit by Jujhar Khaira and loses puck.
11:50 of 1st period - Wrist shot by Travis Sanheim.
11:50 of 1st period - Shot Blocked by Patrik Nemeth.
11:52 of 1st period - Wrist shot by Drew Shore.
11:52 of 1st period - Shot Misses the Net.
12:18 of 1st period - Snap shot by Milan Lucic.
12:18 of 1st period - Stopped by Carey Price with a rebound.
12:34 of 1st period - Snap shot by David Perron.
12:34 of 1st period - Shot Misses the Net.
13:25 of 1st period - Slapshot by David Pope.
13:25 of 1st period - Stopped by Carey Price with a rebound.
13:27 of 1st period - Snap shot by Henrik Samuelsson.
13:27 of 1st period - Stopped by Carey Price with a rebound.
13:54 of 1st period - Wrist shot by Dominik Simon.
13:54 of 1st period - Stopped by Samuel Montembeault with a rebound.
13:56 of 1st period - Slapshot by Cody Ceci.
13:56 of 1st period - Shot Blocked by Jake McCabe.
13:58 of 1st period - Slapshot by Josh Morrissey.
13:58 of 1st period - Shot Misses the Net.
14:00 of 1st period - Snap shot by Dominik Simon.
14:00 of 1st period - Goal by Dominik Simon - Rangers : 0 - Blues : 1.
14:01 of 1st period - Nathan MacKinnon wins face-off versus Sean Couturier in neutral zone.
14:21 of 1st period - Minor Penalty to Seth Jones for Holding.
14:22 of 1st period - Sean Couturier wins face-off versus Drew Shore in Blues zone.
14:25 of 1st period - Snap shot by Milan Lucic.
14:25 of 1st period - Shot Blocked by Drew Shore.
14:33 of 1st period - Slapshot by Cale Makar.
14:33 of 1st period - Shot Blocked by Cody Ceci.
14:35 of 1st period - Wrist shot by Milan Lucic.
14:35 of 1st period - Stopped by Carey Price without a rebound.
14:36 of 1st period - Drew Shore wins face-off versus Sean Couturier in Blues zone.
15:05 of 1st period - Icing by Jake McCabe.
15:06 of 1st period - Drew Shore wins face-off versus Tomas Hertl in Rangers zone.
15:54 of 1st period - Off-side.
15:55 of 1st period - Tomas Hertl wins face-off versus Filip Forsberg in neutral zone.
16:06 of 1st period - Wrist shot by Ryan Strome.
16:06 of 1st period - Goal by Ryan Strome - Rangers : 1 - Blues : 1.
16:07 of 1st period - Sean Couturier wins face-off versus Nathan MacKinnon in neutral zone.
16:10 of 1st period - Slapshot by Cale Makar.
16:10 of 1st period - Shot Blocked by Josh Morrissey.
16:12 of 1st period - Slapshot by Jake McCabe.
16:12 of 1st period - Stopped by Carey Price with a rebound.
16:14 of 1st period - Slapshot by Milan Lucic.
16:14 of 1st period - Deflect By Devante Smith-Pelly.
16:14 of 1st period - Stopped by Carey Price with a rebound.
17:39 of 1st period - Snap shot by Samuel Blais.
17:39 of 1st period - Stopped by Carey Price with a rebound.
17:41 of 1st period - Snap shot by Casey Mittelstadt.
17:41 of 1st period - Shot Misses the Net.
18:02 of 1st period - Icing by Dmitry Kulikov.
18:03 of 1st period - Henrik Samuelsson wins face-off versus Nick Schmaltz in Rangers zone.
18:40 of 1st period - Snap shot by David Pope.
18:40 of 1st period - Stopped by Carey Price without a rebound.
18:41 of 1st period - Nathan MacKinnon wins face-off versus Sean Couturier in Blues zone.
19:28 of 1st period - Off-side.
19:29 of 1st period - Casey Mittelstadt wins face-off versus Drew Shore in neutral zone.
19:29 of 1st period - Casey Mittelstadt is hit by Luke Glendening.
19:38 of 1st period - Off-side.
19:39 of 1st period - Sean Couturier wins face-off versus Nathan MacKinnon in neutral zone.
19:42 of 1st period - Slapshot by Cale Makar.
19:42 of 1st period - Stopped by Carey Price without a rebound.
19:43 of 1st period - Sean Couturier wins face-off versus Filip Forsberg in Blues zone.
19:52 of 1st period - Slapshot by Cale Makar.
19:52 of 1st period - Shot Blocked by Seth Jones.
19:54 of 1st period - Wrist shot by Devante Smith-Pelly.
19:54 of 1st period - Shot Misses the Net.
19:56 of 1st period - Wrist shot by Sean Couturier.
19:56 of 1st period - Stopped by Carey Price with a rebound.
Goals for this period are 1 for Rangers vs 1 for Blues.
Shots for this period are 17 for Rangers vs 16 for Blues.

2nd period


0:01 of 2nd period - Devante Smith-Pelly wins face-off versus Nathan MacKinnon in neutral zone.
0:26 of 2nd period - Nick Schmaltz is hit by Ryan Strome.
1:18 of 2nd period - Wrist shot by Jordan Kyrou.
1:18 of 2nd period - Stopped by Samuel Montembeault without a rebound.
1:19 of 2nd period - Filip Forsberg wins face-off versus Sean Couturier in Rangers zone.
1:22 of 2nd period - Snap shot by Nikolaj Ehlers.
1:22 of 2nd period - Stopped by Samuel Montembeault with a rebound.
1:44 of 2nd period - Ondrej Palat is hit by Ethan Bear and loses puck.
2:15 of 2nd period - Double Minor Penalty to Drew Shore for Slashing.
2:16 of 2nd period - Filip Forsberg wins face-off versus Devante Smith-Pelly in Blues zone.
2:43 of 2nd period - Jujhar Khaira is hit by Tomas Hertl and loses puck.
3:18 of 2nd period - Ondrej Palat is hit by Seth Jones.
4:10 of 2nd period - Ladislav Smid is hit by Milan Lucic and loses puck.
4:38 of 2nd period - Luke Glendening is hit by Connor Chatam and loses puck.
6:15 of 2nd period - Penalty to Drew Shore is over, Drew Shore is back on ice.
6:45 of 2nd period - Dominik Simon is hit by Henrik Samuelsson and loses puck.
7:04 of 2nd period - David Pope is hit by Sean Monahan and loses puck.
7:17 of 2nd period - Connor Chatam is hit by Luke Glendening.
8:34 of 2nd period - Drew Shore is hit by Samuel Blais and loses puck.
8:49 of 2nd period - Cale Makar is hit by Filip Forsberg.
9:01 of 2nd period - Jordan Kyrou is hit by Connor Chatam and loses puck.
9:08 of 2nd period - Snap shot by Henrik Samuelsson.
9:08 of 2nd period - Shot Misses the Net.
9:10 of 2nd period - Slapshot by Steven Santini.
9:10 of 2nd period - Stopped by Carey Price with a rebound.
9:19 of 2nd period - Off-side.
9:20 of 2nd period - Casey Mittelstadt wins face-off versus Sean Monahan in neutral zone.
9:32 of 2nd period - Wrist shot by Nick Schmaltz.
9:32 of 2nd period - Stopped by Samuel Montembeault without a rebound.
9:33 of 2nd period - Sean Couturier wins face-off versus Nathan MacKinnon in Rangers zone.
9:44 of 2nd period - Slapshot by Milan Lucic.
9:44 of 2nd period - Stopped by Carey Price with a rebound.
9:46 of 2nd period - Snap shot by Milan Lucic.
9:46 of 2nd period - Shot Blocked by Ladislav Smid.
9:48 of 2nd period - Snap shot by Mikhail Sergachev.
9:48 of 2nd period - Shot Misses the Net.
10:28 of 2nd period - Slapshot by Jake McCabe.
10:28 of 2nd period - Shot Blocked by Ethan Bear.
10:59 of 2nd period - Snap shot by Nikolaj Ehlers.
10:59 of 2nd period - Deflect By Filip Forsberg.
10:59 of 2nd period - Shot Misses the Net.
10:59 of 2nd period - Puck is out of play.
11:00 of 2nd period - Tomas Hertl wins face-off versus Nathan MacKinnon in Rangers zone.
11:07 of 2nd period - Slapshot by Seth Jones.
11:07 of 2nd period - Stopped by Samuel Montembeault with a rebound.
11:09 of 2nd period - Snap shot by Nathan MacKinnon.
11:09 of 2nd period - Shot Blocked by Patrik Nemeth.
11:11 of 2nd period - Slapshot by Travis Sanheim.
11:11 of 2nd period - Deflect By Nathan MacKinnon.
11:11 of 2nd period - Goal by Nathan MacKinnon - Rangers : 1 - Blues : 2.
11:12 of 2nd period - Devante Smith-Pelly wins face-off versus Nikolaj Ehlers in neutral zone.
11:19 of 2nd period - Snap shot by Devante Smith-Pelly.
11:19 of 2nd period - Shot Misses the Net.
11:21 of 2nd period - Slapshot by Jake McCabe.
11:21 of 2nd period - Stopped by Carey Price without a rebound.
11:22 of 2nd period - Nathan MacKinnon wins face-off versus Sean Couturier in Blues zone.
11:40 of 2nd period - Icing by Nikolaj Ehlers.
11:41 of 2nd period - Nathan MacKinnon wins face-off versus Ondrej Palat in Blues zone.
11:58 of 2nd period - Slapshot by Cale Makar.
11:58 of 2nd period - Deflect By Ondrej Palat.
11:58 of 2nd period - Shot Misses the Net.
11:58 of 2nd period - Puck is out of play.
11:59 of 2nd period - Sean Monahan wins face-off versus Sean Couturier in Blues zone.
12:10 of 2nd period - Wrist shot by Nick Schmaltz.
12:10 of 2nd period - Stopped by Samuel Montembeault without a rebound.
12:11 of 2nd period - Sean Couturier wins face-off versus Nathan MacKinnon in Rangers zone.
12:18 of 2nd period - Slapshot by Cale Makar.
12:18 of 2nd period - Deflect By Nikolaj Ehlers.
12:18 of 2nd period - Stopped by Carey Price with a rebound.
12:38 of 2nd period - Jujhar Khaira is hit by Jake McCabe.
12:58 of 2nd period - Minor Penalty to Travis Sanheim for Slashing.
12:59 of 2nd period - Drew Shore wins face-off versus Milan Lucic in Blues zone.
13:14 of 2nd period - Wrist shot by Jujhar Khaira.
13:14 of 2nd period - Goal by Jujhar Khaira - Rangers : 1 - Blues : 3.
13:15 of 2nd period - Sean Couturier wins face-off versus Drew Shore in neutral zone.
13:26 of 2nd period - Snap shot by Milan Lucic.
13:26 of 2nd period - Shot Misses the Net.
14:58 of 2nd period - Penalty to Travis Sanheim is over, Travis Sanheim is back on ice.
15:48 of 2nd period - Snap shot by Henrik Samuelsson.
15:48 of 2nd period - Shot Misses the Net.
15:50 of 2nd period - Wrist shot by Henrik Samuelsson.
15:50 of 2nd period - Shot Misses the Net.
16:11 of 2nd period - Oliver Bjorkstrand is hit by Luke Glendening and loses puck.
17:03 of 2nd period - Minor Penalty to Ethan Bear for High sticking.
17:04 of 2nd period - Sean Couturier wins face-off versus Drew Shore in Blues zone.
17:22 of 2nd period - Cale Makar is hit by Jujhar Khaira and loses puck.
17:35 of 2nd period - Cody Ceci is hit by Ondrej Palat and loses puck.
18:26 of 2nd period - Sean Monahan is hit by Mikhail Sergachev and loses puck.
19:03 of 2nd period - Penalty to Ethan Bear is over, Ethan Bear is back on ice.
19:09 of 2nd period - Ladislav Smid is hit by Connor Chatam and loses puck.
19:29 of 2nd period - Off-side.
19:30 of 2nd period - Nathan MacKinnon wins face-off versus Casey Mittelstadt in neutral zone.
19:35 of 2nd period - Slapshot by Nikolaj Ehlers.
19:35 of 2nd period - Goal by Nikolaj Ehlers - Rangers : 1 - Blues : 4.
19:36 of 2nd period - Nathan MacKinnon wins face-off versus Sean Couturier in neutral zone.
19:41 of 2nd period - Wrist shot by Nathan MacKinnon.
19:41 of 2nd period - Shot Blocked by Sean Couturier.
19:43 of 2nd period - Snap shot by Nikolaj Ehlers.
19:43 of 2nd period - Stopped by Samuel Montembeault with a rebound.
19:45 of 2nd period - Snap shot by Nikolaj Ehlers.
19:45 of 2nd period - Shot Misses the Net.
19:47 of 2nd period - Backhand shot by Travis Sanheim.
19:47 of 2nd period - Deflect By Filip Forsberg.
19:47 of 2nd period - Shot Blocked by Cale Makar.
19:47 of 2nd period - Puck is out of play.
19:48 of 2nd period - Sean Couturier wins face-off versus Nathan MacKinnon in Rangers zone.
Goals for this period are 0 for Rangers vs 3 for Blues.
Shots for this period are 4 for Rangers vs 9 for Blues.

3rd period


0:01 of 3rd period - Nathan MacKinnon wins face-off versus Sean Couturier in neutral zone.
0:08 of 3rd period - Wrist shot by Nikolaj Ehlers.
0:08 of 3rd period - Shot Misses the Net.
0:40 of 3rd period - Travis Sanheim is hit by Ondrej Palat and loses puck.
0:55 of 3rd period - Snap shot by Sean Monahan.
0:55 of 3rd period - Stopped by Samuel Montembeault with a rebound.
1:20 of 3rd period - Wrist shot by Dominik Simon.
1:20 of 3rd period - Stopped by Samuel Montembeault without a rebound.
1:21 of 3rd period - Drew Shore wins face-off versus Sean Couturier in Rangers zone.
1:34 of 3rd period - Wrist shot by Drew Shore.
1:34 of 3rd period - Shot Misses the Net.
1:44 of 3rd period - Snap shot by Cale Makar.
1:44 of 3rd period - Shot Misses the Net.
1:46 of 3rd period - Slapshot by Steven Santini.
1:46 of 3rd period - Shot Blocked by Cody Ceci.
1:48 of 3rd period - Snap shot by Devante Smith-Pelly.
1:48 of 3rd period - Shot Blocked by Cody Ceci.
1:50 of 3rd period - Snap shot by Milan Lucic.
1:50 of 3rd period - Shot Misses the Net.
1:54 of 3rd period - Snap shot by Devante Smith-Pelly.
1:54 of 3rd period - Shot Misses the Net.
1:56 of 3rd period - Snap shot by Milan Lucic.
1:56 of 3rd period - Stopped by Carey Price with a rebound.
2:13 of 3rd period - Minor Penalty to Milan Lucic for Elbowing.
2:14 of 3rd period - Sean Couturier wins face-off versus Nathan MacKinnon in Rangers zone.
2:26 of 3rd period - Slapshot by Ethan Bear.
2:26 of 3rd period - Shot Misses the Net.
3:40 of 3rd period - Mikhail Sergachev is hit by Filip Forsberg and loses puck.
4:13 of 3rd period - Penalty to Milan Lucic is over, Milan Lucic is back on ice.
5:13 of 3rd period - David Perron is hit by Steven Santini and loses puck.
6:09 of 3rd period - Samuel Blais is hit by David Perron.
6:28 of 3rd period - Icing by Cody Ceci.
6:29 of 3rd period - David Perron wins face-off versus Sean Couturier in Blues zone.
6:54 of 3rd period - Snap shot by Ryan Strome.
6:54 of 3rd period - Stopped by Carey Price without a rebound.
6:55 of 3rd period - Nick Schmaltz wins face-off versus Tomas Hertl in Blues zone.
7:06 of 3rd period - Icing by Ondrej Palat.
7:07 of 3rd period - Nathan MacKinnon wins face-off versus Tomas Hertl in Rangers zone.
8:02 of 3rd period - Mikhail Sergachev is hit by Luke Glendening and loses puck.
8:17 of 3rd period - Mikhail Sergachev is hit by Josh Morrissey and loses puck.
8:59 of 3rd period - Wrist shot by David Perron.
8:59 of 3rd period - Stopped by Samuel Montembeault with a rebound.
9:26 of 3rd period - Minor Penalty to Ethan Bear for Holding Stick.
9:27 of 3rd period - Sean Couturier wins face-off versus Drew Shore in Blues zone.
9:55 of 3rd period - Ladislav Smid is hit by Milan Lucic.
10:01 of 3rd period - Wrist shot by Milan Lucic.
10:01 of 3rd period - Shot Blocked by Cody Ceci.
10:03 of 3rd period - Snap shot by Milan Lucic.
10:03 of 3rd period - Shot Blocked by Ladislav Smid.
10:05 of 3rd period - Snap shot by Cale Makar.
10:05 of 3rd period - Stopped by Carey Price without a rebound.
10:06 of 3rd period - Tomas Hertl wins face-off versus Jujhar Khaira in Blues zone.
11:10 of 3rd period - Wrist shot by Tomas Hertl.
11:10 of 3rd period - Stopped by Carey Price without a rebound.
11:11 of 3rd period - Drew Shore wins face-off versus Milan Lucic in Blues zone.
11:26 of 3rd period - Penalty to Ethan Bear is over, Ethan Bear is back on ice.
11:40 of 3rd period - Wrist shot by Nikolaj Ehlers.
11:40 of 3rd period - Stopped by Samuel Montembeault without a rebound.
11:41 of 3rd period - Nikolaj Ehlers wins face-off versus Sean Couturier in Rangers zone.
11:55 of 3rd period - Nikolaj Ehlers is hit by Dmitry Kulikov and loses puck.
12:12 of 3rd period - Snap shot by Nathan MacKinnon.
12:12 of 3rd period - Shot Misses the Net.
12:14 of 3rd period - Slapshot by Nathan MacKinnon.
12:14 of 3rd period - Stopped by Samuel Montembeault without a rebound.
12:15 of 3rd period - Sean Monahan wins face-off versus Tomas Hertl in Rangers zone.
12:33 of 3rd period - Minor Penalty to Travis Sanheim for Slashing.
12:34 of 3rd period - Drew Shore wins face-off versus Sean Couturier in Blues zone.
12:44 of 3rd period - Jujhar Khaira is hit by Cale Makar and loses puck.
13:06 of 3rd period - Snap shot by Tomas Hertl.
13:06 of 3rd period - Shot Blocked by Ladislav Smid.
13:08 of 3rd period - Snap shot by Ryan Strome.
13:08 of 3rd period - Shot Blocked by Cody Ceci.
13:10 of 3rd period - Snap shot by Ondrej Palat.
13:10 of 3rd period - Stopped by Carey Price with a rebound.
14:05 of 3rd period - Icing by Devante Smith-Pelly.
14:06 of 3rd period - Filip Forsberg wins face-off versus Sean Couturier in Rangers zone.
14:33 of 3rd period - Penalty to Travis Sanheim is over, Travis Sanheim is back on ice.
14:44 of 3rd period - Wrist shot by Filip Forsberg.
14:44 of 3rd period - Shot Misses the Net.
15:17 of 3rd period - Minor Penalty to Samuel Blais for Tripping.
15:18 of 3rd period - Nathan MacKinnon wins face-off versus Sean Couturier in Rangers zone.
15:35 of 3rd period - Wrist shot by Nathan MacKinnon.
15:35 of 3rd period - Goal by Nathan MacKinnon - Rangers : 1 - Blues : 5.
15:36 of 3rd period - Nathan MacKinnon wins face-off versus Sean Couturier in neutral zone.
16:41 of 3rd period - Casey Mittelstadt is hit by Jordan Kyrou and loses puck.
17:29 of 3rd period - Snap shot by Drew Shore.
17:29 of 3rd period - Stopped by Samuel Montembeault without a rebound.
17:30 of 3rd period - Sean Couturier wins face-off versus Nathan MacKinnon in Rangers zone.
18:01 of 3rd period - Minor Penalty to Sean Monahan for Delaying the game.
18:02 of 3rd period - Drew Shore wins face-off versus Sean Couturier in Blues zone.
18:10 of 3rd period - Backhand shot by Mikhail Sergachev.
18:10 of 3rd period - Shot Misses the Net.
18:28 of 3rd period - Cody Ceci is hit by Ondrej Palat and loses puck.
18:33 of 3rd period - Snap shot by Cale Makar.
18:33 of 3rd period - Stopped by Carey Price with a rebound.
18:35 of 3rd period - Slapshot by Jake McCabe.
18:35 of 3rd period - Shot Blocked by Ladislav Smid.
18:50 of 3rd period - Icing by Jake McCabe.
18:51 of 3rd period - Filip Forsberg wins face-off versus Sean Couturier in Rangers zone.
18:54 of 3rd period - Wrist shot by Luke Glendening.
18:54 of 3rd period - Stopped by Samuel Montembeault without a rebound.
18:55 of 3rd period - Sean Couturier wins face-off versus Filip Forsberg in Rangers zone.
19:02 of 3rd period - Wrist shot by Filip Forsberg.
19:02 of 3rd period - Shot Misses the Net.
Goals for this period are 0 for Rangers vs 1 for Blues.
Shots for this period are 6 for Rangers vs 8 for Blues.